 Dungeon Crawl Stone Soup version 0.32-a0-30-gefbe487952 (webtiles) character file.

Game seed: 15975434294566876374

1092 case the Cleaver (level 8, 0/99 HPs)
             Began as a Minotaur Berserker on Jan 19, 2024.
             Was an Elder of Trog.
             Slain by a vampire mosquito (6 damage)
             ... on level 6 of the Dungeon.
             The game lasted 00:06:23 (4247 turns).

case the Cleaver (Minotaur Berserker)               Turns: 4247, Time: 00:06:24

Health: 0/99       AC:  3    Str: 23    XL:     8   Next: 9%
Magic:  7/7        EV: 12    Int:  4    God:    Trog [****..]
Gold:   357        SH:  0    Dex: 11    Spells: 7/7 levels left

rFire   . . .        s - +0 battleaxe
rCold   . . .        (shield currently unavailable)
rNeg    . . .        u - +0 troll leather armour {Pargi}
rPois   .            (helmet restricted)
rElec   .            (no cloak)
rCorr   .            (no gloves)
SInv    .            (no boots)
Will    .....        p - amulet of regeneration Stlth
                     (no ring)
HPRegen 1.96/turn    (no ring)
MPRegen 0.10/turn

%: no passive effects
@: berserking, very quick
A: horns 2, retaliatory headbutt
a: Renounce Religion, Berserk, Trog's Hand, Brothers in Arms


You were on level 6 of the Dungeon.
You worshipped Trog.
Trog was greatly pleased with you.
You visited 1 branch of the dungeon, and saw 6 of its levels.
You also visited: Sewer.

You collected 357 gold pieces.

Inventory:

Hand Weapons
 a - a +0 hand axe
 l - a +0 war axe
 s - a +0 battleaxe (weapon)
Missiles
 r - a throwing net (quivered)
Armour
 b - a +0 animal skin
 d - a +0 leather armour
 j - a +0 scale mail
 u - a +0 troll leather armour (worn) {Pargi}
Jewellery
 p - an amulet of regeneration (around neck)
Wands
 w - a wand of charming (11)
Scrolls
 c - a scroll of torment
 g - 3 scrolls of fog
 h - 4 scrolls of teleportation
 i - 2 scrolls of noise {unknown}
 n - 2 scrolls of fear {unknown}
 o - a scroll of revelation {unknown}
 q - a scroll of amnesia {unknown}
 t - a scroll of poison {unknown}
Potions
 e - 3 potions of enlightenment
 f - 5 potions of curing
 k - 2 potions of degeneration {unknown}
 m - 2 potions of haste {unknown}
 v - 2 potions of attraction {unknown}


   Skills:
 + Level 3.8 Fighting
 * Level 11.8 Axes
 - Level 2.4 Armour
 - Level 2.1 Dodging


You had 7 spell levels left.
You didn't know any spells.
Your spell library was empty.

Dungeon Overview and Level Annotations

Branches:
Dungeon (6/15)             Temple (0/1) D:4           Sewer (visited)

Altars:
Ashenzari
Dithmenos
Uskayaw


Innate Abilities, Weirdness & Mutations

You have a pair of horns on your head.
You reflexively headbutt those who attack you in melee.


Message History

The vampire mosquito bites you but does no damage.
The vampire mosquito bites you!
* * * LOW HITPOINT WARNING * * *
The vampire mosquito draws strength from your injuries!
The vampire mosquito bites you.
* * * LOW HITPOINT WARNING * * *
The vampire mosquito draws strength from your injuries!
You slice the vampire mosquito!!
You destroy the vampire mosquito!
Trog accepts your kill.
You slash the vampire mosquito!
The vampire mosquito bites you but does no damage.
The vampire mosquito closely misses you.
You furiously retaliate!
You headbutt the vampire mosquito!
You have reached level 8!
You feel agile.
You barely miss the vampire mosquito.
Your headbutt misses the vampire mosquito.
The vampire mosquito is severely damaged.
You closely miss the vampire mosquito.
The vampire mosquito bites you but does no damage.
The vampire mosquito bites you.
* * * LOW HITPOINT WARNING * * *
The vampire mosquito draws strength from your injuries!
The vampire mosquito bites you.
* * * LOW HITPOINT WARNING * * *
The vampire mosquito draws strength from your injuries!
The vampire mosquito barely misses you.
You closely miss the vampire mosquito.
Your headbutt misses the vampire mosquito.
The vampire mosquito is severely damaged.
You miss the vampire mosquito. The vampire mosquito bites you.
* * * LOW HITPOINT WARNING * * *
The vampire mosquito draws strength from your injuries!
The vampire mosquito closely misses you.
You closely miss the vampire mosquito. You headbutt the vampire mosquito!
You destroy the vampire mosquito!
Trog accepts your kill.
You closely miss the vampire mosquito. The vampire mosquito bites you.
You die...

... . .. ...
.###.# #..
..#.. #..
#.#.##### #.##
#........
#...##........
#..#........
#†@>........
#y##....####
#.##....#
#.#†....#
#.#.###.#
#.#...#.#
#.#<#.# #
#.#.#.# #.# #


You could see a vampire mosquito.

Vanquished Creatures
  2 vampire mosquitoes (D:6)
  Pargi (Sewer)
  2 ogres (D:5)
  A kobold brigand (Sewer)
  A brain worm (Sewer)
  2 scorpions (D:4)
  A bombardier beetle (D:4)
  4 hounds
  Jessica (D:2)
  An iguana (D:5)
  An orc wizard (D:4)
  5 adders
  3 gnolls (D:3)
  A river rat (D:5)
  2 dart slugs
  7 orcs
  7 endoplasms
  3 giant cockroaches
  8 goblins
  15 hobgoblins
  8 jackals
  13 kobolds
  8 quokkas
  9 ball pythons
  13 bats
  5 frilled lizards
  5 rats
129 creatures vanquished.

Notes
Turn   | Place    | Note
-------+----------+-------------------------------------------
     0 | D:1      | case the Minotaur Berserker began the quest for the Orb.
     0 | D:1      | Reached XP level 1. HP: 19/19 MP: 0/0
     6 | D:1      | Noticed a snapping turtle
     6 | D:1      | Noticed a swamp worm
     6 | D:1      | Noticed a black bear
     7 | D:1      | Noticed an anaconda
     7 | D:1      | Noticed a seven-headed hydra
    49 | D:1      | Reached skill level 4 in Axes
   151 | D:1      | Reached XP level 2. HP: 26/26 MP: 1/1
   484 | D:1      | Reached skill level 5 in Axes
   492 | D:1      | Reached ** piety under Trog
   669 | D:1      | You fall into a shaft and drop 1 floor!
   675 | D:2      | Reached XP level 3. HP: 31/31 MP: 2/2
  1248 | D:2      | Reached XP level 4. HP: 32/39 MP: 3/3
  1249 | D:2      | Reached skill level 6 in Axes
  1302 | D:2      | Noticed Jessica
  1311 | D:2      | Killed Jessica
  1644 | D:3      | Found a faded altar of an unknown god.
  1644 | D:3      | Noticed a golden eye
  1653 | D:3      | Noticed a great orb of eyes
  1658 | D:3      | Noticed an eye of devastation
  1658 | D:3      | Noticed a glass eye
  1813 | D:3      | Reached *** piety under Trog
  2240 | D:3      | Reached XP level 5. HP: 45/45 MP: 4/4
  2286 | D:3      | Reached skill level 7 in Axes
  2688 | D:4      | Reached skill level 8 in Axes
  2709 | D:4      | Reached XP level 6. HP: 48/51 MP: 5/5
  2793 | D:4      | Found a staircase to the Ecumenical Temple.
  3107 | D:4      | Found a shadowy altar of Dithmenos.
  3107 | D:4      | Found a broken altar of Ashenzari.
  3347 | D:4      | Reached **** piety under Trog
  3348 | D:4      | Reached skill level 9 in Axes
  3407 | D:4      | Found a hide-covered altar of Uskayaw.
  3570 | D:5      | Entered Level 5 of the Dungeon
  3622 | D:5      | Reached XP level 7. HP: 37/57 MP: 6/6
  3674 | D:5      | Reached skill level 10 in Axes
  3718 | D:5      | Found a glowing drain.
  3731 | Sewer    | Entered a sewer
  3797 | Sewer    | Noticed Pargi
  3807 | Sewer    | Killed Pargi
  3878 | Sewer    | Reached skill level 11 in Axes
  4235 | D:6      | Noticed a vampire mosquito
  4235 | D:6      | Noticed a vampire mosquito
  4235 | D:6      | Noticed a vampire mosquito
  4244 | D:6      | Killed a vampire mosquito
  4245 | D:6      | Reached XP level 8. HP: 12/66 MP: 7/7
  4247 | D:6      | Slain by a vampire mosquito

Illustrated notes

Levels and vault maps discovered:
D:1:      onia_arrival_zoo_common, layout_loops_corners, minmay_pentomino_r4
D:2:      layout_rooms, kennysheep_jessica_study
D:3:      layout_basic, hellmonk_ecumenical_altar_watching_god,
          minmay_misc_feat_x, st_stairs_3, palyth_stone_intersect, minivault_4,
          skrybe_limestone_x
D:4:      minmay_diamond_boxcup, layout_basic,
          gammafunk_temple_overflow_elements,
          mainiacjoe_overflow_surrounded_room, minmay_temple_entry_arrows,
          minmay_crossroads
D:5:      layout_gridville, portal_sewer_entry_b
D:6:      layout_basic, grunt_qazlal_clouds, okawaru_ov_weapons_minmay

Skill      XL: |  1  2  3  4  5  6  7 |
---------------+----------------------+-----
Axes           | 4 5 6 8 9 11 | 11.8
Fighting       | |  3.8
Armour         | |  2.4
Dodging        | |  2.1

Action                     |  1- 3 |  4- 6 |  7- 9 || total
---------------------------+-------+-------+-------++-------
  Melee: Hand axe          |    78 |    19 |       ||    97
         Headbutt          |    10 |    22 |     8 ||    40
         Punch             |     2 |     1 |       ||     3
         War axe           |       |   110 |       ||   110
         Battleaxe         |       |    44 |    55 ||    99
 Invoke: Berserk           |       |     2 |     2 ||     4
    Use: Scroll            |       |     5 |       ||     5
 Armour: Animal skin       |     5 |       |       ||     5
         Leather armour    |    45 |       |       ||    45
         Scale mail        |     8 |   129 |    34 ||   171
         Troll leather arm |       |       |    26 ||    26
  Dodge: Dodged            |    54 |   100 |    35 ||   189

Table legend: (Time is in decaauts)
 A = Elapsed time spent in this place.
 B = Non-inter-level travel time spent in this place.
 C = Inter-level travel time spent in this place.
 D = Time resting spent in this place.
 E = Time spent auto-exploring this place.
 F = Levels seen in this place.
 G = Mean time per level.
                   A        B        C        D        E       F      G
               +--------+--------+--------+--------+--------+-----+--------+
         Total |   4319 |   4135 |    184 |      1 |   3238 |   7 |  617.0 |
       Dungeon |   4130 |   3946 |    184 |      1 |   3129 |   6 |  688.3 |
         Sewer |    188 |    188 |      0 |      0 |    109 |   1 |  188.0 |
               +--------+--------+--------+--------+--------+-----+--------+

Top non-repeatable levels by time:
     D:4: 1102 daAuts
     D:1: 1003 daAuts
     D:3: 947 daAuts
     D:2: 561 daAuts
     D:5: 495 daAuts
   Sewer: 188 daAuts
     D:6: 20 daAuts
